Map: 16 bits EC

Players

Hjoe - Winner!

  • Race: Terran Terran
  • League: Platinum
  • Spawn Location: 1:00

HoldTheDoor

  • Race: Protoss Protoss
  • League: Diamond
  • Spawn Location: 7:00

VOD

Have the link to the VOD?

Description

Time

  • Played on: July 4, 2018, 12:15 p.m.
  • Length: 16:22
Show
View Real Time Build Order
Export as new Build Order

Hjoe Terran - Winner!

Build Orders: MMM Bio 

Get SALT Encoding   

  12  0:00  SCV  
  13  0:13  SCV  
  14  0:19  Supply Depot  
  14  0:25  SCV  
  15  0:40  SCV  
  15  0:41  Barracks  
  16  0:47  Refinery  
  16  0:52  SCV  
  17  1:05  SCV  
  18  1:17  SCV  
  19  1:21  Refinery  
  19  1:30  Reaper  
  19  1:31  Orbital Command  
  20  1:40  Supply Depot  
  20  2:02  Factory  
  20  2:11  SCV  
  20  2:12  Barracks Reactor  
  21  2:23  SCV  
  21  2:27  Supply Depot  
  22  2:35  SCV  
  23  2:47  SCV  
  24  3:03  Cyclone x2  
  30  3:07  Starport  
  30  3:12  SCV  
  30  3:14  Barracks Tech Lab  
  30  3:17  Supply Depot  
  30  3:25  SCV  
  31  3:35  Cyclone  
  31  3:36  Hellion  
  31  3:37  SCV  
  37  3:54  Supply Depot, Marine  
  41  4:03  Hellion  
  41  4:04  Banshee  
  41  4:05  Cloaking Field  
  43  4:11  Marine  
  44  4:20  Cyclone  
  47  4:29  Marine  
  48  4:40  Cyclone  
  48  4:42  Command Center  
  51  4:47  Marine  
  54  4:53  Hellion  
  54  5:00  Supply Depot  
  54  5:05  Marine  
  53  5:22  Banshee  
  53  5:23  Marine  
  57  5:40  Marine  
  58  5:58  Command Center  
  58  6:04  Barracks Tech Lab  
  58  6:05  Medivac  
  58  6:07  Widow Mine x2  
  64  6:19  Barracks  
  64  6:23  Barracks  
  64  6:26  Orbital Command  
  64  6:35  Medivac  
  67  6:43  Marauder, Stimpack  
  68  7:04  Marine  
  68  7:05  Medivac  
  64  7:19  Marine x2  
  64  7:22  Marauder  
  55  7:36  Marine  
  55  7:37  SCV, Marine  
  48  7:38  SCV  
  48  7:43  Orbital Command  
  48  7:44  Marauder  
  54  7:49  SCV  
  54  7:50  SCV  
  56  7:54  Marine x2  
  58  8:00  Supply Depot  
  58  8:04  Engineering Bay, Marine  
  59  8:12  Marine x2, Viking  
  63  8:22  Marine  
  63  8:25  Orbital Command  
  64  8:35  Marine x2  
  64  8:39  Bunker  
  64  8:40  Marine  
  67  8:43  SCV  
  67  8:44  SCV  
  69  8:52  Marine  
  71  8:55  SCV  
  71  8:57  Viking  
  71  8:58  Marine  
  75  9:04  Barracks Reactor  
  75  9:08  Combat Shields  
  74  9:10  Marine  
  74  9:16  Marine  
  76  9:21  SCV  
  76  9:22  SCV  
  76  9:23  SCV  
  79  9:26  Viking  
  79  9:28  Marine  
  82  9:33  SCV  
  82  9:34  SCV, Marauder  
  82  9:35  SCV  
  87  9:42  Barracks  
  87  9:44  Barracks  
  87  9:45  Supply Depot, SCV  
  87  9:46  SCV, Marine  
  87  9:47  SCV  
  87  9:50  Refinery  
  87  9:51  Marine x2  
  93  9:55  Marauder  
  93  9:57  Viking  
  93  9:58  SCV  
  98  10:03  SCV x2  
  101  10:09  Marine x2  
  101  10:10  SCV  
  104  10:15  SCV x2  
  104  10:16  Barracks Reactor  
  104  10:17  Marauder  
  104  10:19  Terran Infantry Weapons Level 1  
  107  10:21  Armory  
  107  10:22  SCV  
  107  10:25  Supply Depot  
  107  10:26  Marine  
  109  10:29  Supply Depot  
  109  10:35  Supply Depot  
  109  10:46  Marine x3, Medivac  
  109  10:47  Marauder  
  116  10:53  Missile Turret  
  116  10:54  Marine x2, Missile Turret x2  
  116  10:55  Marine  
  119  10:58  Missile Turret  
  119  11:04  Marine x2  
  119  11:07  SCV x3  
  119  11:08  Marine  
  125  11:14  Supply Depot  
  125  11:15  Supply Depot  
  125  11:16  Medivac  
  127  11:19  SCV x3  
  127  11:22  Marine x2  
  129  11:26  Marauder  
  131  11:40  Marine  
  131  11:43  Marine x5  
  131  11:46  Viking  
  139  11:47  Marine  
  132  11:58  Marine  
  132  12:01  Marine  
  134  12:05  Marauder  
  135  12:10  Marine x4  
  133  12:15  Marine  
  133  12:16  Viking  
  133  12:18  Marine  
  126  12:27  Marauder, Marine  
  126  12:28  Supply Depot x2, Marine x3  
  132  12:30  Supply Depot  
  132  12:31  Missile Turret  
  132  12:33  Marine  
  132  12:34  SCV x2  
  132  12:35  Missile Turret  
  132  12:36  Marine  
  136  12:38  Command Center, Missile Turret  
  136  12:42  Missile Turret  
  136  12:44  SCV  
  136  12:45  Marine x2  
  136  12:46  SCV x2, Marine x2  
  136  12:47  Command Center  
  136  12:48  Marauder  
  145  12:51  Marine, Refinery  
  145  12:53  Refinery  
  145  12:54  Marine  
  145  12:56  Supply Depot  
  147  13:02  Viking, Missile Turret  
  147  13:03  Marine x3  
  147  13:04  Marine  
  153  13:09  Marauder  
  153  13:11  Marine  
  153  13:12  Marine  
  157  13:17  Refinery  
  157  13:21  Marine x4  
  161  13:29  Marine  
  161  13:30  Marine  
  161  13:31  Sensor Tower, Marauder  
  161  13:33  Viking  
  167  13:39  Marine x4  
  167  13:41  Engineering Bay, Sensor Tower  
  171  13:42  Terran Infantry Weapons Level 2  
  171  13:47  Marine x2  
  173  13:50  Terran Ship Weapons Level 1  
  173  13:52  Sensor Tower, Marauder  
  175  13:57  Marine x4  
  180  14:02  SCV  
  180  14:03  SCV x2, Viking  
  180  14:05  Marine x2  
  184  14:14  Marauder, Marine x2  
  184  14:15  SCV, Marine x2  
  191  14:23  Marine x2  
  193  14:32  Marine x3  
  193  14:33  Marine  
  199  14:40  Marine  
  200  14:50  Marine x2  
  200  14:56  Starport Reactor  
  200  15:01  Barracks  
  200  15:08  Barracks  
  200  15:20  Refinery  
  200  15:22  Refinery  
  200  15:29  Engineering Bay  
  200  15:34  Refinery, Planetary Fortress  
  200  15:36  Orbital Command  
  200  15:46  Barracks x2  
  200  15:47  Barracks  
  178  16:01  Refinery  
Show
View Real Time Build Order
Export as new Build Order

HoldTheDoor Protoss 

Build Orders:  

Get SALT Encoding   

  12  0:00  Probe  
  13  0:12  Probe  
  14  0:18  Pylon  
  14  0:25  Probe  
  15  0:36  Probe  
  15  0:39  Gateway  
  16  0:45  Probe  
  16  0:47  Assimilator  
  17  0:53  Probe  
  17  0:55  Assimilator  
  17  1:03  Probe  
  19  1:11  Gateway  
  19  1:15  Probe  
  20  1:29  Cybernetics Core  
  20  1:30  Probe  
  21  1:39  Pylon  
  21  1:42  Probe  
  22  1:55  Probe  
  23  2:05  Stalker x2  
  23  2:06  Warp Gate  
  23  2:07  Probe  
  28  2:16  Pylon  
  28  2:20  Probe  
  29  2:32  Probe  
  30  2:58  Stalker x2  
  34  3:02  Robotics Facility  
  34  3:15  Nexus  
  34  3:23  Probe, Pylon  
  35  3:35  Probe  
  36  3:41  Immortal  
  36  3:47  Probe  
  41  3:59  Probe, Robotics Bay  
  42  4:10  Assimilator  
  42  4:11  Probe  
  42  4:13  Stalker  
  42  4:16  Sentry  
  47  4:27  Probe  
  47  4:31  Pylon  
  48  4:33  Pylon  
  48  4:40  Forge  
  48  4:42  Observer  
  48  4:45  Stalker  
  51  4:50  Stalker  
  53  4:53  Probe  
  53  4:56  Probe  
  55  5:04  Pylon  
  55  5:09  Protoss Ground Armor Level 1  
  55  5:11  Assimilator  
  55  5:13  Pylon  
  55  5:24  Observer  
  51  5:40  Probe  
  52  5:43  Observer  
  52  5:49  Probe  
  54  5:52  Probe  
  55  6:00  Photon Cannon x2  
  55  6:01  Probe  
  56  6:05  Probe  
  57  6:12  Pylon  
  57  6:13  Probe  
  57  6:17  Probe  
  59  6:19  Photon Cannon  
  59  6:25  Photon Cannon  
  59  6:28  Probe  
  59  6:29  Photon Cannon  
  59  6:30  Probe, Colossus  
  67  7:00  Protoss Shields Level 1  
  66  7:15  Stalker x2  
  62  7:28  Immortal  
  62  7:45  Pylon  
  62  7:47  Shield Battery  
  62  7:50  Shield Battery  
  62  7:52  Pylon  
  62  7:56  Gateway  
  62  7:58  Probe x2  
  62  7:59  Gateway  
  62  8:02  Gateway  
  62  8:03  Immortal  
  62  8:04  Gateway  
  64  8:06  Stalker x2  
  64  8:10  Probe  
  64  8:11  Probe  
  74  8:23  Probe x2  
  76  8:35  Probe x2  
  76  8:39  Protoss Ground Weapons Level 1  
  78  8:44  Pylon  
  78  8:46  Extended Thermal Lance  
  78  8:47  Twilight Council, Probe x2, Immortal  
  84  8:48  Pylon  
  84  9:04  Twilight Council, Probe  
  84  9:06  Probe  
  84  9:07  Pylon  
  84  9:08  Observer  
  86  9:12  Pylon  
  86  9:14  Zealot  
  88  9:18  Sentry x3  
  94  9:27  Pylon  
  94  9:36  Immortal  
  94  9:42  Probe x2  
  100  9:51  Nexus  
  100  10:06  Assimilator  
  100  10:10  Pylon  
  100  10:12  Charge, Pylon  
  100  10:13  Pylon  
  100  10:14  Zealot  
  100  10:15  Observer, Zealot x2  
  107  10:29  Protoss Ground Armor Level 2  
  107  10:30  Probe  
  107  10:31  Probe  
  109  10:53  Photon Cannon  
  109  10:54  Photon Cannon  
  109  10:58  Shield Battery  
  109  11:00  Pylon  
  109  11:03  Shield Battery  
  109  11:12  Photon Cannon  
  109  11:13  Stalker x3  
  109  11:14  Stalker  
  115  11:32  Photon Cannon  
  115  11:33  Photon Cannon  
  115  11:34  Photon Cannon, Immortal  
  119  11:48  Blink  
  119  11:50  Templar Archives  
  119  11:56  Gateway  
  119  11:59  Gateway  
  118  12:03  Zealot, Pylon  
  118  12:04  Zealot  
  118  12:05  Zealot  
  123  12:11  Zealot  
  123  12:12  Zealot  
  120  12:20  Zealot  
  120  12:28  High Templar x3  
  126  12:31  High Templar  
  126  12:32  High Templar  
  126  12:34  Archon  
  126  12:35  Archon  
  130  12:38  Probe x3  
  130  12:42  Assimilator  
  133  12:50  Probe  
  134  12:51  Photon Cannon  
  134  12:55  Photon Cannon  
  134  13:02  Probe x3  
  137  13:06  Photon Cannon  
  137  13:10  Shield Battery  
  137  13:14  Sentry, Probe  
  137  13:17  Sentry  
  137  13:19  High Templar x4  
  150  13:21  Protoss Ground Armor Level 3  
  150  13:22  Archon  
  150  13:23  Archon  
  150  13:36  Photon Cannon  
  150  13:57  Shield Battery  
  150  14:01  Stalker x4  
  150  14:02  Stalker  
  160  14:14  Stalker  
  162  14:30  High Templar x5  
  172  14:31  Psionic Storm  
  172  14:38  Archon x2  
  172  14:40  Warp Prism, Archon  
  174  14:59  Gateway  
  174  15:00  Gateway  
  174  15:03  Gateway  
  174  15:06  Gateway  
  174  15:08  Pylon  
  174  15:15  Zealot x2  
  174  15:16  Forge, Zealot x4  
  186  15:21  Assimilator  
  186  15:26  Nexus  
  186  15:27  Pylon  
  186  15:46  Zealot x3  
  186  15:47  Zealot x3  
  96  16:13  Zealot x2  
  96  16:14  Zealot x4  
Tags
 
Composition
MMM Bio
Matchup
PvT
Spawn Locations
Cross Positions
Add a new tag
Caveats
  • Supply blocks, unpowered buildings, or Contaminate may cause inaccurate times.
  • Supply counts are checked every 10 seconds.